 Dungeon Sprint DCSS version 0.25-a0-41-g6cf4ce537d (webtiles) character file.

Game seed: 189499074796356366, levelgen mode: deterministic

1236 GordonOverkill the Blocker (level 8, 0/96 HPs)
             Began as a Minotaur Fighter on Oct 21, 2019.
             Was a Believer of Okawaru.
             Slain by a demonic crawler (7 damage)
             ... in the Dungeon (Sprint I: "Red Sonja").
             The game lasted 00:01:46 (721 turns).

GordonOverkill the Blocker (Minotaur Fighter)        Turns: 721, Time: 00:01:47

Health: 0/96       AC:  6    Str: 28    XL:     8   Next: 24%
Magic:  10/11      EV: 12    Int:  5    God:    Okawaru [**....]
Gold:   405        SH: 14    Dex: 10    Spells: 7/7 levels left

rFire    . . .     SeeInvis .   a - +0 war axe
rCold    . . .     Gourm    .   c - +0 shield
rNeg     . . .     Faith    .   b - +0 scale mail
rPois    .         Spirit   .   (helmet restricted)
rElec    .         Reflect  .   (no cloak)
rCorr    .         Harm     .   (no gloves)
MR       .....     NoTele   +   (no boots)
Stlth    ..........             (no amulet)
HPRegen  0.26/turn              m - +2 ring of evasion
MPRegen  0.12/turn              (no ring)

@: mighty, berserking, very quick
A: retaliatory headbutt, horns 2
a: Heroism, Renounce Religion


You were in the Dungeon.
You worshipped Okawaru.
Okawaru was pleased with you.
You were not hungry.

You visited 1 branch You collected 405 gold pieces.

Inventory:

Hand Weapons
 a - a +0 war axe (weapon)
Armour
 b - a +0 scale mail (worn)
 c - a +0 shield (worn)
Jewellery
 m - a +2 ring of evasion (left hand)
Wands
 l - a wand of polymorph (10)
Scrolls
 k - a scroll of blinking
Potions
 e - a potion of curing
 g - a potion of heal wounds
 h - a potion of haste
 i - 2 potions of magic
Comestibles
 f - 2 rations


   Skills:
 - Level 3.6 Fighting
 + Level 14.2 Axes
 - Level 3.6 Armour
 + Level 14.4 Shields
 - Level 5.4 Invocations


You had 7 spell levels left.
You didn't know any spells.
Your spell library was empty.

Dungeon Overview and Level Annotations

Branches:
Dungeon (1/1)

Altars:
Cheibriados
Dithmenos
Elyvilon
Fedhas
Gozag
Hepliaklqana
Kikubaaqudgha
Makhleb
Nemelex Xobeh
Okawaru
Qazlal
Ru
Sif Muna
Trog
Uskayaw
Vehumet
Wu Jian
Xom
Yredelemnul
Zin
The Shining One
Jiyva
Lugonu

Shops:
D (


Innate Abilities, Weirdness & Mutations

You reflexively headbutt those who attack you in melee.
You have a pair of horns on your head.


Message History

You block the demonic crawler's attack.
There is an open door here.
A red film seems to cover your vision as you go berserk!
You feel yourself moving faster!
You feel mighty!
The demonic crawler hits you but does no damage.
You block the demonic crawler's attack. The demonic crawler closely misses you.
You block the demonic crawler's attack. x2; The demonic crawler hits you.
* * * LOW HITPOINT WARNING * * *
You slice the demonic crawler!!
The demonic crawler is moderately wounded.
You barely miss the demonic crawler. You block the demonic crawler's attack.
The demonic crawler hits you.
* * * LOW HITPOINT WARNING * * *
The demonic crawler hits you!
* * * LOW HITPOINT WARNING * * *
You hit the demonic crawler.
The demonic crawler is moderately wounded.
You slash the demonic crawler! The demonic crawler barely misses you.
You block the demonic crawler's attack. The demonic crawler hits you!
You die...

######################
..)..#..'..#__#.@ss).#
).#..').#..'..'.s#s..##+#
####'#####'#__####...'..#
###..#...#.#### #####..+
__####..##.# ##
_____##'#_.+ _.∩...'..._#
_..__##_.#'# _____###+#.#


You could see 4 demonic crawlers.

Vanquished Creatures
  2 kobold demonologists (D)
  A slime creature (D)
  Sigmund (D)
  A yak (D)
  A floating eye (D)
  An ogre (D)
  A jelly (D)
  Ijyb (D)
9 creatures vanquished.

Notes
Turn   | Place    | Note
-------+----------+-------------------------------------------
     0 | D        | GordonOverkill the Minotaur Fighter began the quest for the
                  | Orb.
     0 | D        | Reached XP level 1. HP: 19/19 MP: 0/0
     1 | D        | Noticed Ijyb
    10 | D        | Killed Ijyb
    10 | D        | Reached skill level 5 in Axes
    10 | D        | Reached XP level 2. HP: 25/26 MP: 1/1
    15 | D        | Noticed an ogre
    18 | D        | Killed an ogre
    18 | D        | Reached XP level 3. HP: 31/31 MP: 2/2
    18 | D        | Reached XP level 4. HP: 39/39 MP: 3/3
    28 | D        | Noticed Sigmund
    34 | D        | Killed Sigmund
    34 | D        | Reached skill level 10 in Axes
    34 | D        | Reached skill level 10 in Shields
    34 | D        | Reached XP level 5. HP: 21/45 MP: 4/4
   201 | D        | Found a shimmering blue altar of Sif Muna.
   202 | D        | Found an ornate altar of the Wu Jian Council.
   203 | D        | Found a radiant altar of Vehumet.
   207 | D        | Reached XP level 6. HP: 32/51 MP: 5/5
   347 | D        | Found Gemn's Antique Weapon Emporium.
   347 | D        | Found an ancient bone altar of Kikubaaqudgha.
   347 | D        | Found a hazy altar of Hepliaklqana.
   347 | D        | Found a stormy altar of Qazlal.
   347 | D        | Found a hide-covered altar of Uskayaw.
   347 | D        | Found a blossoming altar of Fedhas.
   347 | D        | Found a bloodstained altar of Trog.
   347 | D        | Found an iron altar of Okawaru.
   347 | D        | Found a basalt altar of Yredelemnul.
   347 | D        | Found a glowing golden altar of the Shining One.
   347 | D        | Found a snail-covered altar of Cheibriados.
   347 | D        | Found a sacrificial altar of Ru.
   347 | D        | Found a glowing silver altar of Zin.
   347 | D        | Found a shadowy altar of Dithmenos.
   347 | D        | Found a white marble altar of Elyvilon.
   347 | D        | Noticed a yak
   361 | D        | Killed a yak
   362 | D        | Found an opulent altar of Gozag.
   363 | D        | Found a sparkling altar of Nemelex Xobeh.
   574 | D        | Became a worshipper of Warmaster Okawaru
   590 | D        | Found a viscous altar of Jiyva.
   590 | D        | Found a corrupted altar of Lugonu.
   590 | D        | Noticed a slime creature
   591 | D        | Found a burning altar of Makhleb.
   591 | D        | Found a shimmering altar of Xom.
   602 | D        | Killed a slime creature
   602 | D        | Reached XP level 7. HP: 42/57 MP: 5/8
   690 | D        | Noticed a kobold demonologist
   690 | D        | Noticed a kobold demonologist
   692 | D        | Paralysed by a floating eye for 4 turns
   693 | D        | Noticed a hellwing
   701 | D        | Killed a kobold demonologist
   701 | D        | Reached * piety under Okawaru
   701 | D        | Reached skill level 5 in Invocations
   704 | D        | Noticed a chaos spawn
   704 | D        | Killed a kobold demonologist
   704 | D        | Reached ** piety under Okawaru
   704 | D        | Reached XP level 8. HP: 64/64 MP: 8/11
   709 | D        | Noticed a demonic crawler
   709 | D        | Noticed a demonic crawler
   709 | D        | Noticed a demonic crawler
   709 | D        | Noticed a demonic crawler
   721 | D        | Slain by a demonic crawler

Levels and vault maps discovered:
D:        dungeon_sprint_1 [red_sonja_temple_1, red_sonja_temple_small_1]

Skill      XL: |  1  2  3  4  5  6  7 |
---------------+----------------------+-----
Axes           | 5 8 10 12 14 | 14.2
Shields        | 6 8 10 11 12 14 | 14.4
Invocations    | 3 5 |  5.4
Fighting       | |  3.6
Armour         | |  3.6

Action                   |  1- 3 |  4- 6 |  7- 9 || total
-------------------------+-------+-------+-------++-------
Melee: War axe           |    10 |    33 |    14 ||    57
       Headbutt          |     1 |     5 |     5 ||    11
  Use: Potion            |       |       |     2 ||     2
Armor: Scale mail        |     3 |     4 |    11 ||    18
Dodge: Dodged            |     1 |     6 |    13 ||    20
Block: Shield            |     6 |     9 |    21 ||    36

Table legend:
 A = Non-vault XP
 B = Vault XP
 C = Vault XP percentage of total XP
 D = Non-vault monster count
 E = Vault monster count
 F = Vault count percentage of total count
                 A         B        C        D         E       F
            +---------+---------+-------+---------+---------+-------
      Total |       0 |    1766 | 100.0 |       0 |       9 | 100.0
            +---------+---------+-------+---------+---------+-------
          D |       0 |    1766 | 100.0 |       0 |       9 | 100.0
            +---------+---------+-------+---------+---------+-------
